 Dungeon Crawl Stone Soup version 0.16.1-18-g436b03c (webtiles) character file.

54 Mataku the Skirmisher (level 4, -5/37 HPs)
             Began as a Human Fighter on May 4, 2015.
             Killed from afar by Ijyb (9 damage)
             ... with a wand of flame
             ... on level 2 of the Dungeon on May 5, 2015.
             The game lasted 00:16:22 (1580 turns).

Mataku the Skirmisher (Human Fighter)               Turns: 1580, Time: 00:16:22

Health: -5/37      AC:  6    Str: 17    XL:     4   Next: 12%
Magic:  4/4        EV:  7    Int:  9    God:
Gold:   80         SH:  9    Dex: 12    Spells: 0 memorised, 3 levels left

rFire  . . .     SeeInvis .     a - +0 long sword
rCold  . . .     Clarity  .     b - +0 scale mail
rNeg   . . .     SustAb   .     c - +0 shield
rPois  .         Gourm    .     (no helmet)
rElec  .         Spirit   .     (no cloak)
rCorr  .         Warding  .     (no gloves)
rMut   .         Stasis   .     (no boots)
MR     .....                    (no amulet)
Stlth  ..........               (no ring)
                                (no ring)

@: not resistant to hostile enchantments, extremely unstealthy
A: no striking features
a: no special abilities


You were on level 2 of the Dungeon.
You were not hungry.

You visited 1 branch of the dungeon, and saw 2 of its levels.

You collected 80 gold pieces.

Inventory:

Hand weapons
 a - a +0 long sword (weapon)
 g - a +0 club
 k - a +0 hand axe
 m - a +0 dagger
 o - a cursed -1 club
 p - a +0 club
 v - a +0 dagger
 y - a cursed -1 mace
Missiles
 n - 17 poisoned needles (quivered)
 s - 5 needles of slowing
 t - 18 bolts
 B - 14 arrows
 D - 20 arrows of dispersal
Armour
 b - a +0 scale mail (worn)
 c - a +0 shield (worn)
 q - a +0 robe
 z - a +0 scale mail
 E - a +0 ring mail
Scrolls
 f - 2 scrolls of noise {unknown}
 h - a scroll of magic mapping {unknown}
 i - a scroll of identify {unknown}
 j - a scroll of remove curse {unknown}
 A - a scroll of recharging {unknown}
Potions
 e - a potion of might
 l - a potion of cure mutation {unknown}
 w - a potion of invisibility {unknown}
 x - a potion of lignification {unknown}
 C - a potion of curing {unknown}
Miscellaneous
 u - a plain deck of summoning
Comestibles
 d - a bread ration
 r - 2 meat rations


   Skills:
 * Level 3.7 Fighting
 * Level 2.3 Long Blades
 * Level 0.2 Throwing
 + Level 3.4 Armour
 + Level 1.1 Dodging
 + Level 3.1 Shields


You had 3 spell levels left.
You didn't know any spells.

Dungeon Overview and Level Annotations

Branches:
Dungeon (2/15)

Altars:
Nemelex Xobeh

Annotations:
D:2 Ijyb


Message History

You block the ball python's attack.
You hit the ball python.
You kill the ball python!
You see here a giant newt skeleton.
Found a twisted malachite amulet.
Ijyb the Twisted Goblin comes into view.
Ijyb zaps a wand.
The puff of flame hits you!
It is a wand of flame.
You see here a twisted malachite amulet.
You hit Ijyb.
Ijyb is moderately wounded.
Ijyb zaps a wand.
The puff of flame hits you! You block Ijyb's attack.
You completely miss Ijyb.
Ijyb is moderately wounded.
Ijyb zaps a wand.
The puff of flame hits you!
Ijyb zaps a wand.
The puff of flame hits you!
* * * LOW HITPOINT WARNING * * *
Ijyb zaps a wand.
The puff of flame hits you!
* * * LOW HITPOINT WARNING * * *
Ijyb zaps a wand.
The puff of flame hits you!
You die...

#.# #.#..##....#..#.
#.###.##....#####.#
#..#.......######.##
##.##.####.........#
.#### #######.#.# .
#.#..# #.##... #.#
###. #@# #.## #..##
..# ##..## #...
##g.# #..###.#
#...#.# #.".# ###.#


You could see Ijyb.

Vanquished Creatures
  Terence (D:1)
  2 adders
  A giant gecko (D:1)
  6 hobgoblins
  2 quokkas (D:2)
  3 ball pythons
  2 bats (D:1)
  3 giant newts
  3 goblins
  2 kobolds (D:1)
  A rat (D:1)
26 creatures vanquished.

Notes
Turn   | Place    | Note
--------------------------------------------------------------
     0 | D:1      | Mataku, the Human Fighter, began the quest for the Orb.
     0 | D:1      | Reached XP level 1. HP: 18/18 MP: 1/1
   610 | D:1      | Reached XP level 2. HP: 20/24 MP: 2/2
   676 | D:1      | Reached XP level 3. HP: 21/29 MP: 3/3
   760 | D:1      | Found a sparkling altar of Nemelex Xobeh.
  1208 | D:2      | Noticed Terence
  1294 | D:1      | Killed Terence
  1465 | D:2      | Reached skill level 1 in Dodging
  1465 | D:2      | Reached XP level 4. HP: 16/37 MP: 4/4
  1571 | D:2      | Noticed Ijyb
  1580 | D:2      | Killed from afar by Ijyb

Action                   |  1- 3 |  4- 6 || total
-------------------------+-------+-------++-------
Melee: Long sword        |   106 |     7 ||   113
  Eat: Meat ration       |     1 |       ||     1
